 Dungeon Crawl Stone Soup version 0.31.0-11-ge490571c62 (webtiles) character file.

Game seed: 9075202740281776933

119 Ashen the Magician (level 5, -2/38 HPs)
             Began as a Djinni Ice Elementalist on Jan 26, 2024.
             Slain by a gnoll
             ... wielding a +0 spear
              (4 damage)
             ... on level 2 of the Dungeon.
             The game lasted 00:05:54 (1722 turns).

Ashen the Magician (Djinni Ice Elementalist)        Turns: 1722, Time: 00:05:54

Health: -2/38      AC:  2    Str:  7    XL:     5   Next: 23%
Gold:   89         EV: 13    Int: 19    God:
                   SH:  0    Dex: 13

rFire   + + .        d - staff of earth
rCold   x . .        (no shield)
rNeg    . . .        a - +0 robe
rPois   ∞            (no helmet)
rElec   .            (no cloak)
rCorr   .            (no gloves)
SInv    .            (boots unavailable)
Will    .....        (no amulet)
Stlth   ++           (no ring)
HPRegen 0.26/turn    (no ring)
MPRegen 0.00/turn

%: infuse magic (-3 HP)
@: flying
A: sickness immunity, fire resistance 2, cold vulnerability 1, float, innate
caster, HP casting, extra vitality 1
a: no special abilities


You were on level 2 of the Dungeon.
You visited 1 branch of the dungeon, and saw 2 of its levels.

You collected 89 gold pieces.

Inventory:

Hand Weapons
 k - a +0 whip
Armour
 a - a +0 robe (worn)
Magical Staves
 d - a staff of earth (weapon)
Jewellery
 m - a +6 ring of dexterity
Scrolls
 b - a scroll of amnesia {unknown}
 c - a scroll of immolation {unknown}
 e - a scroll of acquirement {unknown}
 f - a scroll of revelation {unknown}
 g - a scroll of identify {unknown}
 l - a scroll of teleportation {unknown}
Potions
 h - a potion of curing {unknown}
 i - 2 potions of brilliance {unknown}
 j - a potion of mutation {unknown}


   Skills:
 + Level 1.7 Fighting
 + Level 3.1 Dodging
 + Level 2.4 Stealth
 * Level 4.2 Spellcasting
 * Level 4.2 Conjurations
 * Level 4.2 Hexes
   Level 0.0 Charms
 * Level 4.2 Summonings
 * Level 4.2 Necromancy
 * Level 4.2 Translocations
   Level 0.0 Transmutations
 * Level 4.2 Fire Magic
 * Level 4.2 Ice Magic
 * Level 4.2 Air Magic
 * Level 4.2 Earth Magic
 * Level 4.2 Alchemy


You knew the following spells:

 Your Spells              Type           Power      Damage    Failure   Level
a - Freeze                Ice            80%        1d9       2%          1
b - Frozen Ramparts       Ice            40%        1d7       7%          3
c - Ozocubu's Armour      Ice            20%        N/A       7%          3
d - Summon Ice Beast      Ice/Summ       20%        N/A       7%          3
e - Kiss of Death         Conj/Necr      80%        2d11      2%          1
f - Blink                 Tloc           40%        N/A       3%          2
Your spell library was empty.

Dungeon Overview and Level Annotations

Branches:
Dungeon (2/15)

Altars:


Innate Abilities, Weirdness & Mutations

You are immune to sickness and miasma.
You are immune to poison.
Your flesh is very heat resistant. (rF++)
You are vulnerable to cold. (rC-)
You float through the air rather than walking.
You learn spells naturally, not from books.
Your magical power is your life essence.
You have superior vitality. (+4 MHP)


Message History

The gnoll hits you with a +0 flail!
The wall freezes the gnoll.
Unknown command.
Casting: Frozen Ramparts (dangerous; 8% risk of failure)
Confirm with . or Enter, or press ? or * to list all spells.
Aiming: Freeze (safe; 2% risk of failure)
Press: ? - help, Shift-Dir - straight line, f - gnoll
Aim: a gnoll, wielding a +0 flail (moderately wounded)
You miscast Freeze.
You are very lightly contaminated with residual magic.
Nothing appears to happen.
The wall freezes the gnoll.
You kill the gnoll!
The wall freezes the gnoll.
The gnoll closely misses you.
The wall freezes the gnoll.
Casting: Freeze (safe; 2% risk of failure)
Confirm with . or Enter, or press ? or * to list all spells.
Aiming: Freeze (safe; 2% risk of failure)
Press: ? - help, Shift-Dir - straight line, f/p - gnoll
Aim: a gnoll, wielding a +0 flail (heavily wounded)
You freeze the gnoll.
You kill the gnoll!
The wall freezes the gnoll.
The gnoll completely misses you.
Unknown command.
You swing at nothing.
The wall freezes the gnoll.
The wall freezes the gnoll but does no damage.
The gnoll hits you from afar with a +0 spear!
Unknown command.
The frozen ramparts melt away as you move.
The gnoll attacks as it pursues you!
The gnoll hits you from afar with a +0 spear.
* * * LOW HITPOINT WARNING * * *
The gnoll attacks as it pursues you!
The gnoll hits you from afar with a +0 spear.
* * * LOW HITPOINT WARNING * * *
The gnoll attacks as it pursues you!
The gnoll hits you from afar with a +0 spear.
* * * LOW HITPOINT WARNING * * *
Your magical contamination has completely faded away.
The gnoll attacks as it pursues you!
The gnoll hits you from afar with a +0 spear.
You die...

# #.##.## #†# #.# # #.##.#
########.# #.#
#.##.####......<.###.# #########
#.##.#...............#
........###.##.#.##.############
####...........#.##.###
............^..#......#
####..#(#.#.......###.########
###.........#...@.# #..g)g....
......#.#.#...###.###.########
###.##...##.### #.g...# #
#.###.###.# ###.###
###.###.###.#######.#
........##..........#
###.######..######### # #.# #..#
###.# #..#


You could see a gnoll.

Vanquished Creatures
  2 adders (D:2)
  6 gnolls (D:2)
  2 dart slugs (D:1)
  3 ribbon worms (D:2)
  2 ball pythons
  2 bats
  3 endoplasms
  5 goblins (D:1)
  4 hobgoblins
  2 frilled lizards (D:1)
  2 kobolds (D:1)
  2 rats
35 creatures vanquished.

Notes
Turn   | Place    | Note
-------+----------+-------------------------------------------
     0 | D:1      | Ashen the Djinni Ice Elementalist began the quest for the
                  | Orb.
     0 | D:1      | Ashen set off with the following spells memorised: Freeze,
                  | Frozen Ramparts, Ozocubu's Armour, Summon Ice Beast.
     0 | D:1      | Reached XP level 1. HP: 15/15 MP: 0/0
   208 | D:1      | Reached XP level 2. HP: 20/22 MP: 0/0
   710 | D:1      | Reached XP level 3. HP: 25/26 MP: 0/0
   710 | D:1      | Learned a level 1 spell: Kiss of Death
  1026 | D:2      | Reached skill level 1 in Fighting
  1403 | D:2      | Reached XP level 4. HP: 30/32 MP: 0/0
  1544 | D:2      | Reached XP level 5. HP: 36/37 MP: 0/0
  1544 | D:2      | Learned a level 2 spell: Blink
  1722 | D:2      | Slain by a gnoll

Illustrated notes

Levels and vault maps discovered:
D:1:      arrival_zaba_pyramid, layout_loops_corners, minmay_box_of_dots
D:2:      layout_loops_ring

Skill      XL: |  1  2  3  4 |
---------------+-------------+-----
Fighting       | 1 |  1.7
Stealth        | 2 |  2.4
Spellcasting   | 4 |  4.2
Conjurations   | 4 |  4.2
Hexes          | 4 |  4.2
Summonings     | 4 |  4.2
Necromancy     | 4 |  4.2
Translocations | 4 |  4.2
Fire Magic     | 4 |  4.2
Ice Magic      | 4 |  4.2
Air Magic      | 4 |  4.2
Earth Magic    | 4 |  4.2
Alchemy        | 4 |  4.2
Dodging        | 3 |  3.1

Action                     |  1- 3 |  4- 6 || total
---------------------------+-------+-------++-------
  Melee: Unarmed           |     2 |       ||     2
         Staff             |    11 |     7 ||    18
   Cast: Freeze            |    44 |     9 ||    53
         Frozen Ramparts   |     2 |     2 ||     4
   Stab: Sleeping          |     3 |       ||     3
 Armour: Robe              |    14 |    13 ||    27
  Dodge: Dodged            |    26 |    10 ||    36
